AoeStats
← hi_joel

Arabian Desert

510235350Analyzed
1v1 RM · 1d ago on Sep 30, 2026· 34m 54s· 2 players
Game mode
Random Map
Map size
Tiny (2 player)
Population
200
Speed
Normal
Resources
Standard
Victory
Conquest
Starting age
Dark Age
Ending age
Imperial Age
RankedLock teamsTeams togetherTeam positionsShared explorationLock speedFull tech treeHidden civsTurbo modeCheats
Victory
Defeat
🇬🇹 Spanish · Guatemala
1139
+17
🇲🇽 Mongols · Mexico
1162
-17
hi_joel
6:00 Loom
11:32 Feudal Age
23:16 Castle Age
22:00 Horse Collar
22:06 Double-Bit Axe
24:37 Scale Barding Armor
24:43 Forging
24:12 Light Cavalry
25:03 Bloodlines
24:54 Husbandry
25:53 Bow Saw
25:09 Elite Skirmisher
28:17 Fletching
33:52 Wheelbarrow
noobsupremo
0:50 Loom
15:09 Feudal Age
19:09 Castle Age
18:00 Stone Mining
21:57 Horse Collar
25:14 Fletching
33:24 Gold Mining
33:39 Town Watch
Connection lost

Rejoining the realm…

Still unreachable

The connection could not be restored.

Session expired

The server has moved on; the page needs a fresh start.